 Dungeon Crawl Stone Soup version 0.30.0-20-g3615ddf2f0 (webtiles) character file.

Game seed: 13524260900983008804

5 qw the Shield-Bearer (level 1, -10/14 HPs)
             Began as a Gargoyle Fighter on May 29, 2023.
             Mangled by a hobgoblin
             ... wielding a +0 heavy long sword
              (14 damage)
             ... on level 1 of the Dungeon.
             The game lasted 00:00:06 (174 turns).

qw the Shield-Bearer (Gargoyle Fighter)              Turns: 174, Time: 00:00:06

Health: -10/14     AC:  9    Str: 19    XL:     1   Next: 80%
Magic:  1/1        EV:  9    Int:  8    God:
Gold:   27         SH:  4    Dex:  9    Spells: 0/0 levels left

rFire   . . .        a - +0 war axe
rCold   . . .        c - +0 buckler
rNeg    + . .        b - +0 scale mail
rPois   inf          (no helmet)
rElec   +            (no cloak)
rCorr   .            (no gloves)
SInv    .            (no boots)
Will    .....        (no amulet) Stlth
                     (no ring)
HPRegen 0.22/turn    (no ring)
MPRegen 0.07/turn

%: no passive effects
@: no status effects
A: sickness immunity, AC +2, negative energy resistance 1, electricity
resistance, torment resistance 1, petrification resistance
a: no special abilities


You were on level 1 of the Dungeon.
You visited 1 branch of the dungeon, and saw 1 of its levels.

You collected 27 gold pieces.


Innate Abilities, Weirdness & Mutations

You are immune to sickness and miasma.
Your stone body is resilient. (AC +2)
You are immune to poison.
You resist negative energy. (rN+)
You are resistant to electric shocks. (rElec)
You are resistant to unholy torment.
You are immune to petrification.


   Skills:
 - Level 3.2 Fighting
 + Level 2.2 Axes
 - Level 3.2 Armour
 - Level 3.2 Shields


You couldn't memorise any spells.
You didn't know any spells.
Your spell library was empty.

Inventory:

Hand Weapons
 a - a +0 war axe (weapon)
Armour
 b - a +0 scale mail (worn)
 c - a +0 buckler (worn)
Scrolls
 f - a scroll of fear {unknown}
Potions
 d - a potion of might
 e - a potion of lignification {unknown}
 g - a potion of haste {unknown}

Dungeon Overview and Level Annotations

Branches:
Dungeon (1/15)

Altars:


Message History

The rat barely misses you.
You closely miss the rat.
The rat is heavily wounded.
The rat bites you.
You hit the rat.
You kill the rat!
You start resting.
HP restored.
A goblin comes into view. It is wielding a +0 dagger.
The goblin shouts!
You hear a shout!
Enter note: A goblin and a hobgoblin come into view.
The hobgoblin is wielding a +0 heavy long sword.
The hobgoblin shouts!
You hear a shout!
A bat comes into view.
The bat moves out of view.
Enter note: A goblin comes into view. It is wielding a +0 club.
You closely miss the goblin. The goblin hits you but does no damage.
You closely miss the goblin. The goblin hits you but does no damage.
You closely miss the goblin. The goblin hits you but does no damage.
You completely miss the hobgoblin. You closely miss the goblin.
The goblin hits you but does no damage.
The hobgoblin hits you with a +0 heavy long sword.
The goblin hits you with a +0 dagger.
You hit the hobgoblin.
The hobgoblin is severely wounded.
You barely miss the goblin.
The hobgoblin hits you with a +0 heavy long sword.
The goblin hits you with a +0 dagger.
You hit the hobgoblin but do no damage.
The hobgoblin is severely wounded.
You hit the goblin. The goblin hits you but does no damage.
The hobgoblin hits you with a +0 heavy long sword!
Ouch! That really hurt!
You die...

~..}.~.....###..#######
~..?.~.....#...##
#....#.....##.## +#~~
#........# ...
#####..### .# #..##
#...# #...# #######..
#...# #@gg.....
#####.%.###g##.....
#...........# #..
...............#
#...........####
###......##.#
#.#....##...
#.#....###### # #....#


You could see a hobgoblin and 2 goblins.

Vanquished Creatures
  A giant cockroach (D:1)
  2 hobgoblins (D:1)
  2 rats (D:1)
5 creatures vanquished.

Notes
Turn   | Place    | Note
-------+----------+-------------------------------------------
     0 | D:1      | qw the Gargoyle Fighter began the quest for the Orb.
     0 | D:1      | Reached XP level 1. HP: 14/14 MP: 1/1
     0 | D:1      | 0 ||| qw: Version: 0.2-a-102-g2b76a06
     0 | D:1      | 0 ||| qw: Game counter: 397
     0 | D:1      | 0 ||| qw: Always use a shield: true
     0 | D:1      | 0 ||| qw: God list: Okawaru
     0 | D:1      | 0 ||| qw: Allow faded altars: false
     0 | D:1      | 0 ||| qw: Do Orc after D:15 true
     0 | D:1      | 0 ||| qw: Do second Lair branch before Depths: true
     0 | D:1      | 0 ||| qw: Lair rune preference: random
     0 | D:1      | 0 ||| qw: Plans: Normal, Zot:1-4, Slime:5, God:TSO, Crypt,
                  | Tomb, Pan, Hells, Abyss, Win
     0 | D:1      | 0 ||| PLANNING D:1-11
   173 | D:1      | HP: 3/14 [goblin/+0 dagger (2)]
   174 | D:1      | Mangled by a hobgoblin

Levels and vault maps discovered:
D:1:      dpeg_arrival_rooms_with_view, layout_loops_cross,
          hellmonk_ecumenical_altar_heavens_door, minmay_misc_feat_roman

Skill      XL: |  1 |
---------------+----+-----
Axes           | 2 |  2.2
Fighting       | |  3.2
Armour         | |  3.2
Shields        | |  3.2

Action                     || total
---------------------------++-------
  Melee: War axe           ||    18
 Armour: Scale mail        ||     8
  Dodge: Dodged            ||     3

Table legend:
 A = Non-vault XP
 B = Vault XP
 C = Vault XP percentage of total XP
 D = Non-vault monster count
 E = Vault monster count
 F = Vault count percentage of total count
                 A         B        C        D         E       F
            +---------+---------+-------+---------+---------+-------
      Total |       4 |       4 |  50.0 |       3 |       2 |  40.0
            +---------+---------+-------+---------+---------+-------
        D:1 |       4 |       4 |  50.0 |       3 |       2 |  40.0
            +---------+---------+-------+---------+---------+-------
